 Dungeon Crawl Stone Soup version 0.23-a0-139-ga22e90c45f (webtiles) character file.

13304 Napalmbreeze the Thaumaturge (level 11, -2/62 HPs)
             Began as a Deep Elf Fire Elementalist on Aug 29, 2018.
             Was a Priest of Vehumet.
             Slain by Urug
             ... wielding a +1 scimitar of flaming
              (23 damage)
             ... on level 2 of the Lair of Beasts on Aug 30, 2018.
             The game lasted 01:15:24 (17147 turns).

Napalmbreeze the Thaumaturge (DEFE)                Turns: 17147, Time: 01:15:25

Health: -2/62      AC: 14    Str: 10    XL:     11   Next: 73%
Magic:  24/29      EV: 17    Int: 24    God:    Vehumet [***...]
Gold:   828        SH:  0    Dex: 15    Spells: 20/35 levels left

rFire    + . .     SeeInvis +   o - +3 quarterstaff (chaos)
rCold    + + .     Gourm    .   (shield currently unavailable)
rNeg     . . .     Faith    +   s - +2 robe {rC+}
rPois    +         Spirit   .   h - +0 helmet
rElec    .         Reflect  .   F - +2 cloak
rCorr    .         Harm     .   E - +2 pair of gloves of Mumblety Peg {rPois}
MR       +....                  n - +2 pair of boots
Stlth    ++........             J - amulet of faith
HPRegen  0.20/turn              e - ring of Eteykliv {+Inv +Fly rC+ SInv}
MPRegen  0.21/turn              v - +5 ring of strength

@: about to teleport
A: fire resistance 1
a: Renounce Religion, Evoke Invisibility, Evoke Flight


You were on level 2 of the Lair of Beasts.
You worshipped Vehumet.
Vehumet was most pleased with you.
You were not hungry.

You visited 3 branches of the dungeon, and saw 14 of its levels.
You also visited: Ossuary.

You collected 828 gold pieces.

Inventory:

Hand Weapons
 o - a +3 quarterstaff of chaos (weapon)
Armour
 h - a +0 helmet (worn)
 n - a +2 pair of boots (worn)
 s - a +2 robe of cold resistance (worn)
 E - the +2 pair of gloves of Mumblety Peg (worn) {rPois}
   (You found it on level 6 of the Dungeon)

   It protects you from poison.
 F - a +2 cloak (worn)
Jewellery
 e - the ring of Eteykliv (left hand) {+Inv +Fly rC+ SInv}
   (You took it off an orc warrior on level 8 of the Dungeon)

   [ring of see invisible]

   It protects you from cold.
   It lets you see invisible.
   It lets you turn invisible.
   It lets you fly.
 k - an uncursed ring of poison resistance {unknown}
 v - a +5 ring of strength (right hand)
 J - an amulet of faith (around neck)
Wands
 f - a wand of acid (9)
 g - a wand of iceblast (4)
 m - a wand of paralysis (26)
 q - a wand of random effects (16)
 C - a wand of polymorph (7)
 H - a wand of digging (14)
Scrolls
 b - a scroll of magic mapping
 d - 8 scrolls of remove curse
 i - 6 scrolls of identify
 j - a scroll of holy word {unknown}
 l - a scroll of vulnerability {unknown}
 p - 2 scrolls of enchant weapon
 r - 3 scrolls of amnesia
 u - 2 scrolls of blinking
 x - 3 scrolls of teleportation
 D - a scroll of fear
 G - 2 scrolls of fog
Potions
 a - a potion of haste
 t - 2 potions of magic
 z - a potion of mutation
 A - 2 potions of agility
Comestibles
 c - 12 rations
 w - a chunk of flesh


   Skills:
 + Level 4.3 Fighting
 - Level 8.0 Dodging
 - Level 2.4 Stealth
 + Level 12.5 Spellcasting
 + Level 11.5 Conjurations
 - Level 10.8 Fire Magic


You had 20 spell levels left.
You knew the following spells:

 Your Spells              Type           Power        Failure   Level  Hunger
a - Flame Tongue          Conj/Fire      #####        1%          1    None
d - Conjure Flame         Conj/Fire      ######..     1%          3    None
e - Fireball              Conj/Fire      ######....   1%          5    ###....
f - Sticky Flame          Conj/Fire      ######..     1%          4    None
s - Throw Flame           Conj/Fire      ######       1%          2    None

Your spell library contained the following spells:

 Spells                   Type           Power        Failure   Level  Hunger
 Airstrike                Air            ###.......   11%         4    None
 Inner Flame              Hex/Fire       #####...     1%          3    None


Dungeon Overview and Level Annotations

Branches:
Dungeon (11/15)            Temple (1/1) D:4            Lair (2/6) D:8
  Swamp: Lair:2-4    Shoals: Lair:2-4     Snake: Lair:2-4    Spider: Lair:2-4
    Orc: D:9-12

Altars:
Ashenzari
Cheibriados
Dithmenos
Elyvilon
Fedhas
Gozag
Hepliaklqana
Kikubaaqudgha
Makhleb
Nemelex Xobeh
Okawaru
Qazlal
Ru
Sif Muna
Trog
Uskayaw
Vehumet
Wu Jian
Xom
Yredelemnul
Zin
The Shining One

Shops:
D:4 :

Annotations:
Lair:2 Urug


Innate Abilities, Weirdness & Mutations

Your flesh is heat resistant. (rF+)


Message History

Urug throws a javelin.
The javelin closely misses you.
Urug hits you with a scimitar of flaming!
Urug burns you.
Casting: Flame Tongue (safe; 1% risk of failure)
Confirm with . or Enter, or press ? or * to list all spells.
Aiming: Sticky Flame (safe; 1% risk of failure)
Press: ? - help, Shift-Dir - straight line, f/p - Urug
Aim: Urug, wielding a scimitar of flaming and wearing a scale mail (lightly The sticky flame hits Urug.
Urug is moderately wounded.
Urug is covered in liquid flames!
Urug burns!
Urug hits you with a scimitar of flaming!!
Urug burns you.
* * * LOW HITPOINT WARNING * * *
You feel better.
Urug burns!
None of your equipped items are cursed.
As you read the scroll of teleportation, it crumbles to dust.
You feel strangely unstable.
Urug burns!
Urug hits you with a scimitar of flaming!!
You die...

#...### ## ...
#####.##.###P ...
#............ ..
..##..#.#P.#. ..
#P...###### #. ##..##
#. #..# #o#### ##.##
#.@..# ##..## ###.(##
##....#
###..#.###.'#####.
.........##.........
#....................
#....................
#........>...........
#....................
######+.##.#.........


You could see Urug (burning).

Vanquished Creatures
  Fannar (D:10)
  A hydra (D:10)
  Erica (D:10)
  Sonja (D:10)
  An unseen horror (D:10)
  A black mamba (Lair:2)
  A gargoyle (D:10)
  A komodo dragon (Lair:1)
  A queen bee (D:10)
  A troll (D:9)
  A hornet (D:10)
  A hippogriff (D:10)
  13 yaks
  A wraith (D:10)
  2 hungry ghosts
  2 basilisks
  3 porcupines
  3 orc warriors
  4 phantoms
  A sky beast (D:8)
  2 ice beasts
  2 black bears
  4 centaurs
  6 ogres
  2 crocodiles
  A big kobold (D:10)
  9 bullfrogs
  2 scorpions
  4 wights (D:9)
  17 killer bees
  3 howler monkeys
  2 jellies (D:10)
  4 crimson imps
  2 bullfrog zombies
  3 orc priests
  5 hounds
  A quasit (D:7)
  Crazy Yiuf (D:2)
  3 centaur skeletons
  3 human zombies (Ossuary)
  A bullfrog skeleton (D:8)
  Jessica (D:2)
  4 iguanas
  12 orc wizards
  2 worker ants
  A statue (D:8)
  A killer bee zombie (D:6)
  A big kobold zombie (Ossuary)
  2 mummies (Ossuary)
  3 worker ant zombies (D:8)
  2 howler monkey zombies
  9 gnolls
  A howler monkey skeleton (D:6)
  6 adders
  2 shadow imps
  A white imp (D:8)
  5 oozes
  2 adder skeletons
  An adder zombie (D:10)
  3 worms
  3 dart slugs
  11 leopard geckos
  37 orcs
  7 giant cockroaches
  9 goblins
  5 hobgoblins
  15 jackals
  7 quokkas
  A ball python (D:2)
  8 bats
  2 frilled lizards
  2 gnoll zombies (Ossuary)
  2 goblin zombies (Ossuary)
  3 hobgoblin zombies (Ossuary)
  17 kobolds
  A leopard gecko zombie (D:8)
  3 orc zombies (Ossuary)
  18 rats
328 creatures vanquished.

Vanquished Creatures (others)
  2 plants (Lair:2)
2 creatures vanquished.

Grand Total: 330 creatures vanquished

Notes
Turn   | Place    | Note
-------+----------+-------------------------------------------
     0 | D:1      | Napalmbreeze the Deep Elf Fire Elementalist began the quest
                  | for the Orb.
     0 | D:1      | Reached XP level 1. HP: 10/10 MP: 6/6
   358 | D:1      | Reached XP level 2. HP: 15/15 MP: 6/8
   955 | D:1      | Reached XP level 3. HP: 19/19 MP: 7/10
  1143 | D:1      | Learned a level 2 spell: Throw Flame
  1147 | D:1      | Learned a level 3 spell: Conjure Flame
  1769 | D:2      | Reached XP level 4. HP: 24/24 MP: 0/11
  1959 | D:2      | Noticed Jessica
  1960 | D:2      | Killed Jessica
  1960 | D:2      | Reached skill level 4 in Spellcasting
  2300 | D:2      | Found a runed door.
  2381 | D:2      | Learned a level 4 spell: Sticky Flame
  2381 | D:2      | Noticed Crazy Yiuf
  2387 | D:2      | Killed Crazy Yiuf
  2387 | D:2      | Reached XP level 5. HP: 22/28 MP: 3/13
  3180 | D:3      | Found a basalt altar of Yredelemnul.
  3493 | D:3      | Reached XP level 6. HP: 32/32 MP: 13/15
  4099 | D:4      | Found a sand-covered staircase.
  4102 | Ossuary  | Entered an ossuary
  4115 | Ossuary  | Reached skill level 5 in Spellcasting
  4115 | Ossuary  | Reached skill level 5 in Conjurations
  4403 | Ossuary  | Reached skill level 5 in Fire Magic
  4834 | D:4      | Found a staircase to the Ecumenical Temple.
  4842 | Temple   | Entered the Ecumenical Temple
  5069 | D:4      | Reached XP level 7. HP: 29/36 MP: 7/17
  5195 | D:4      | Found Amnymauc's Book Emporium.
  5456 | D:4      | Found a shattered altar of Ashenzari.
  5589 | D:4      | Found a bloodstained altar of Trog.
  5697 | D:5      | Entered Level 5 of the Dungeon
  5746 | D:5      | Reached skill level 6 in Spellcasting
  5902 | D:5      | Learned a level 5 spell: Fireball
  6262 | D:5      | Found a white marble altar of Elyvilon.
  6629 | D:6      | Reached XP level 8. HP: 41/41 MP: 11/19
  7164 | D:6      | Reached skill level 1 in Fighting
  7483 | D:6      | Reached skill level 7 in Spellcasting
  7496 | D:6      | Got a pair of dazzling gloves
  7502 | D:6      | Identified the +2 pair of gloves of Mumblety Peg {rPois}
                  | (You found it on level 6 of the Dungeon)
  8694 | D:7      | Reached skill level 8 in Spellcasting
  9036 | D:7      | Reached XP level 9. HP: 41/49 MP: 18/23
  9820 | D:8      | Found a stormy altar of Qazlal.
 10254 | D:8      | Noticed an elephant
 10368 | D:8      | Found a radiant altar of Vehumet.
 10395 | D:8      | Became a worshipper of Vehumet
 10616 | D:7      | Gained mutation: You possess an exceptional clarity of
                  | mind. [potion of mutation]
 10616 | D:7      | Lost mutation: You possess an exceptional clarity of mind.
                  | [potion of mutation]
 10616 | D:7      | Gained mutation: Your flesh is heat resistant. (rF+)
                  | [potion of mutation]
 10659 | D:8      | Reached skill level 9 in Spellcasting
 10890 | D:8      | Got a pitted steel ring
 10935 | D:8      | Found a staircase to the Lair.
 10960 | D:8      | Found a burning altar of Makhleb.
 10962 | D:8      | Noticed an Executioner
 11101 | D:8      | Found a white marble altar of Elyvilon.
 11102 | D:8      | Found a glowing silver altar of Zin.
 11103 | D:8      | Found a glowing golden altar of the Shining One.
 11394 | D:8      | Found a deep blue altar of Sif Muna.
 11396 | D:8      | Found a shimmering altar of Xom.
 11414 | D:8      | Found a blossoming altar of Fedhas.
 11453 | Lair:1   | Entered Level 1 of the Lair of Beasts
 11804 | D:9      | Reached * piety under Vehumet
 11804 | D:9      | Offered knowledge of Shock by Vehumet.
 12130 | D:9      | Reached XP level 10. HP: 56/56 MP: 16/25
 12220 | D:9      | Reached skill level 10 in Spellcasting
 12641 | D:9      | Identified the ring of Eteykliv {+Inv +Fly rC+ SInv} (You
                  | took it off an orc warrior on level 8 of the Dungeon)
 12738 | D:9      | Found an opulent altar of Gozag.
 12988 | D:10     | Entered Level 10 of the Dungeon
 12988 | D:10     | Noticed Fannar
 12992 | D:10     | Killed Fannar
 12992 | D:10     | Reached skill level 5 in Dodging
 13024 | D:10     | Noticed a gargoyle
 13048 | D:10     | Killed a gargoyle
 13386 | D:10     | Noticed a four-headed hydra
 13403 | D:10     | Killed a four-headed hydra
 13403 | D:10     | Reached skill level 10 in Conjurations
 13505 | D:10     | Offered knowledge of Searing Ray by Vehumet.
 13640 | D:10     | Reached ** piety under Vehumet
 13993 | D:10     | Reached skill level 11 in Spellcasting
 14035 | D:10     | Offered knowledge of Throw Frost by Vehumet.
 14486 | D:10     | Noticed an unseen horror
 14490 | D:10     | Killed an unseen horror
 14490 | D:10     | Reached XP level 11. HP: 46/61 MP: 20/28
 14535 | D:10     | Reached *** piety under Vehumet
 14986 | D:10     | Offered knowledge of Airstrike by Vehumet.
 15011 | D:10     | Reached skill level 10 in Fire Magic
 15282 | D:10     | Noticed Erica
 15285 | D:10     | Killed Erica
 15370 | D:10     | Noticed Sonja
 15373 | D:10     | Killed Sonja
 15848 | Lair:1   | Reached skill level 12 in Spellcasting
 16936 | Lair:2   | Found an ancient bone altar of Kikubaaqudgha.
 17135 | Lair:2   | Noticed Urug
 17147 | Lair:2   | Slain by Urug

Vault maps used:
D:1:      erik_arrival_orb_chamber, minmay_tiny_reverse_x
D:2:      uniq_jessica, uniq_crazy_yiuf_cottage
D:3:      lemuel_round_altar, first_ration
D:4:      gammafunk_temple_overflow_statue, minmay_temple_entry_enclosed_plants,
          lightli_ossuary_entry_decrepit_ruins, serial_shops, shop
D:5:      elyvilon_altar_5
D:6:      kennysheep_big_flooded_room, kennysheep_generic_room_10
D:8:      lemuel_upstairs_altar, good_gods_temple_1, grunt_qazlal_sundering,
          vehumet_statue, makhleb_altar_promises_db,
          nicolae_overflow_hidden_temple, david_lair_generic
D:9:      lemuel_round_altar, serial_column_ruins, column_ruins_open_tiny,
          column_ruins_columns_straight, column_ruins_columns_water,
          column_ruins_corridor_straight, column_ruins_open_tiny,
          column_ruins_columns_T
D:10:     david_nohive_1, hex_tiny, grunt_ministairs_9, uniq_sonja, uniq_erica,
          uniq_fannar
D:11:     minmay_the_grid_triangle_9x9_recursive_2_mashed,
          trove_entry_hex_spiral
Temple:   jpeg_temple_island
Lair:1:   minivault_24, small_statue_intersection, grunt_megastairs_3
Lair:2:   basic_altar, serial_bayou_lagoon_a, uniq_urug
Ossuary:  minmay_ossuary_gauntlet

Skill      XL: |  1  2  3  4  5  6  7  8  9 10 11 |
---------------+----------------------------------+-----
Conjurations   | 2 3 4 5 7 8 9 10 11 | 11.5
Fire Magic     | 4 5 6 7 8 9 10 | 10.8
Spellcasting   | 4 5 6 8 9 11 12 | 12.5
Fighting       | 2 4 |  4.3
Dodging        | 7 8 |  8.0
Stealth        | |  2.4

Action                   |  1- 3 |  4- 6 |  7- 9 | 10-12 || total
-------------------------+-------+-------+-------+-------++-------
Melee: Quarterstaff      |       |       |     7 |     5 ||    12
 Cast: Flame Tongue      |    63 |   135 |   242 |   154 ||   594
       Throw Flame       |     9 |    32 |    55 |    60 ||   156
       Conjure Flame     |     2 |     1 |     6 |     7 ||    16
       Sticky Flame      |       |     4 |    24 |    44 ||    72
       Fireball          |       |       |     4 |    18 ||    22
Evoke: Wand              |       |       |    25 |       ||    25
  Use: Scroll            |       |       |    12 |     4 ||    16
       Potion            |       |       |     9 |     4 ||    13
 Stab: Paralysed         |       |       |     3 |       ||     3
  Eat: Chunk             |     2 |     4 |    17 |    14 ||    37
       Ration            |       |     2 |     6 |     1 ||     9
Armor: Robe              |     5 |     8 |    78 |    35 ||   126
Dodge: Dodged            |    12 |    20 |   102 |   107 ||   241

Table legend:
 A = Non-vault XP
 B = Vault XP
 C = Vault XP percentage of total XP
 D = Non-vault monster count
 E = Vault monster count
 F = Vault count percentage of total count
                 A         B        C        D         E       F
            +---------+---------+-------+---------+---------+-------
      Total |   14138 |    4869 |  25.6 |     272 |      56 |  17.1
            +---------+---------+-------+---------+---------+-------
        D:1 |      37 |      14 |  27.5 |      15 |      14 |  48.3
        D:2 |     118 |      78 |  39.8 |      34 |       2 |   5.6
        D:3 |     180 |       0 |   0.0 |      31 |       0 |   0.0
        D:4 |     311 |       0 |   0.0 |      11 |       0 |   0.0
        D:5 |     258 |       0 |   0.0 |       6 |       0 |   0.0
        D:6 |     625 |      64 |   9.3 |      19 |       3 |  13.6
        D:7 |    1424 |       0 |   0.0 |      28 |       0 |   0.0
        D:8 |    1245 |     219 |  15.0 |      29 |       2 |   6.5
        D:9 |    1651 |       0 |   0.0 |      28 |       0 |   0.0
       D:10 |    5480 |    3811 |  41.0 |      55 |      17 |  23.6
     Lair:1 |    1972 |     491 |  19.9 |      12 |       2 |  14.3
     Lair:2 |     837 |       0 |   0.0 |       4 |       0 |   0.0
    Ossuary |       0 |     192 | 100.0 |       0 |      16 | 100.0
            +---------+---------+-------+---------+---------+-------
